 Dungeon Crawl Stone Soup version 0.27.1-34-g3ba077fa99 (webtiles) character file.

Game seed: 10467285698762834114

42905 Sharkman1231 the Basher (level 13, -3/87 (92) HPs)
             Began as a Demonspawn Artificer on Jan 18, 2022.
             Was a High Priest of Hepliaklqana.
             Killed from afar by a necromancer (33 damage)
             ... with a bolt of negative energy
             ... on level 15 of the Dungeon.
             The game lasted 00:23:43 (22925 turns).

Sharkman1231 the Basher (Demonspawn Artificer)     Turns: 22925, Time: 00:23:44

HP:   -3/87 (92)    AC: 14    Str: 18    XL:     13   Next: 87%
MP:   30/30         EV: 17    Int: 17    God:    Hepliaklqana [*****.]
Gold: 958           SH:  5    Dex: 18    Spells: 19/21 levels left

rFire    + . .     SeeInvis .   a - +4 eveningstar (protect)
rCold    . . .     Faith    .   (no shield)
rNeg     . . .     Spirit   .   G - +0 acid dragon scales
rPois    .         Reflect  +   Q - +3 hat of Pondering {ponderous, Will+ MP+10 Int+5}
rElec    +         Harm     .   o - +0 cloak
rCorr    +         Rampage  .   (no gloves)
Will     ++...                  (boots unavailable)
Stlth    ++++......             S - amulet of reflection
HPRegen  0.24/turn              N - ring of protection from fire
MPRegen  0.22/turn              A - +6 ring of strength

@: drained, slow
A: reduced essence, talons 3, molten scales 1, ignite blood 3, demonic magic 1,
strong-willed 1, shaggy fur 1, electricity resistance, weak 1
a: Renounce Religion, Recall Ancestor, Ancestor Identity, Transference, Idealise


You were on level 15 of the Dungeon.
You worshipped Hepliaklqana.
Hepliaklqana was extremely pleased with you.
You visited 2 branches of the dungeon, and saw 16 of its levels.
You also visited: Sewer.

You collected 958 gold pieces.

Inventory:

Hand Weapons
 a - a +4 eveningstar of protection (weapon)
 b - a +2 dagger of venom
 B - a +3 dagger
 P - a +3 vorpal dire flail
Armour
 k - a scarf of shadows
 o - a +0 cloak (worn)
 G - +0 acid dragon scales (worn)
 Q - the +3 hat of Pondering (worn) {ponderous, Will+ MP+10 Int+5}
   (You took it off Gastronok on level 11 of the Dungeon)

   Int:       It affects your intelligence (+5).
   MP:        It affects your magic capacity (+10).
   Will:      It increases your willpower.
 T - +0 fire dragon scales
Jewellery
 g - a ring of magical power
 q - a ring of magical power
 A - a +6 ring of strength (right hand)
 I - a ring of protection from fire
 M - a ring of flight
 N - a ring of protection from fire (left hand)
 O - a ring of wizardry
 S - an amulet of reflection (around neck)
Wands
 c - a wand of flame (50) (quivered)
 d - a wand of charming (14)
 m - a wand of polymorph (12)
 K - a wand of iceblast (14)
Scrolls
 f - 2 scrolls of enchant armour
 h - a scroll of holy word
 n - 2 scrolls of vulnerability {unknown}
 s - 6 scrolls of teleportation
 u - 2 scrolls of silence {unknown}
 w - a scroll of torment
 x - 3 scrolls of acquirement {unknown}
 y - a scroll of brand weapon {unknown}
 C - 3 scrolls of blinking
 D - 2 scrolls of fear
 J - 2 scrolls of magic mapping
 L - 4 scrolls of amnesia
 R - a scroll of fog {unknown}
Potions
 i - 7 potions of curing
 j - 2 potions of berserk rage {unknown}
 l - a potion of cancellation
 p - 3 potions of invisibility
 r - 4 potions of flight
 t - 5 potions of might
 v - 2 potions of degeneration {unknown}
 z - 2 potions of resistance
 E - 4 potions of mutation
 F - 3 potions of brilliance
 H - 2 potions of magic
 U - a potion of heal wounds
 V - a potion of attraction {unknown}
Miscellaneous
 e - a piece from Xom's chessboard (15/15)


   Skills:
 - Level 10.0 Fighting
 - Level 7.9 Short Blades
 * Level 10.1 Maces & Flails
 + Level 5.3 Armour
 - Level 9.0 Dodging
 - Level 8.0 Stealth
 + Level 4.9 Spellcasting
 - Level 7.1 Transmutations
 - Level 6.7 Evocations


You had 19 spell levels left.
You knew the following spells:

 Your Spells              Type           Power      Damage    Failure   Level
a - Wereblood             Tmut           28%        N/A       1%          2

Your spell library contained the following spells:

 Spells                   Type           Power      Damage    Failure   Level
 Beastly Appendage        Tmut           56%        N/A       1%          1
 Spider Form              Tmut/Pois      8%         N/A       13%         3
 Foxfire                  Conj/Fire      16%        2x1d4     19%         1
 Conjure Flame            Conj/Fire      4%         6-21      50%         3
 Inner Flame              Hex/Fire       4%         N/A       50%         3


Dungeon Overview and Level Annotations

Branches:
Dungeon (15/15)            Temple (1/1) D:6            Lair (0/6) D:11
    Orc (0/2) D:9          Vaults (0/5) D:14         Depths (0/5) D:15
  Sewer (visited)

Altars:
Ashenzari
Cheibriados
Dithmenos
Elyvilon
Fedhas
Gozag
Hepliaklqana
Kikubaaqudgha
Makhleb
Nemelex Xobeh
Okawaru
Qazlal
Ru
Sif Muna
Trog
Uskayaw
Vehumet
Wu Jian
Xom
Yredelemnul
Zin
The Shining One

Shops:
D:7 *   D:14 (

Annotations:
D:14 3 runed translucent doors
D:15 Kirke


Innate Abilities, Weirdness & Mutations

Your life essence is reduced to manifest your ancestor. (-10% HP)
You have claws for feet.
You are partially covered in molten scales. (AC +2)
Your demonic aura causes all spilled blood to erupt in flames.
Spells you cast may paralyse adjacent enemies.
You are strong-willed. (Will+)
You are covered in fur. (AC +1)
You are resistant to electric shocks. (rElec)
You are weak. (Str -2)


Message History

You sock the stone giant zombie!
Your weapon exudes an aura of protection.
You claw the stone giant zombie, but do no damage.
The stone giant zombie is lightly damaged.
The stone giant zombie barely misses you.
Unknown command.
You bludgeon the stone giant zombie!!
The stone giant zombie is moderately damaged.
The stone giant zombie completely misses you.
Necuametl hits the stone giant zombie but does no damage.
Unknown command.
You puncture the stone giant zombie!
You claw the stone giant zombie, but do no damage.
The stone giant zombie is moderately damaged.
Necuametl points at the stone giant zombie and mumbles some strange words.
The stone giant zombie appears confused.
The stone giant zombie hits Necuametl!
Unknown command.
You puncture the stone giant zombie! You claw the stone giant zombie.
The stone giant zombie is heavily damaged.
Necuametl hits the stone giant zombie but does no damage.
The stone giant zombie hits you!!
You sock the stone giant zombie!
You claw the stone giant zombie, but do no damage.
The stone giant zombie is heavily damaged.
Necuametl hits the stone giant zombie but does no damage.
You strike the helpless stone giant zombie from behind!
You hit the stone giant zombie but do no damage.
You claw the stone giant zombie, but do no damage.
The stone giant zombie is heavily damaged.
The stone giant zombie is engulfed in blazing flames.
Necuametl casts a spell at the stone giant zombie.
The stone giant zombie appears confused.
The stone giant zombie hits Necuametl!!
Necuametl hits the stone giant zombie but does no damage.
The stone giant zombie hits Necuametl!
Necuametl hits the stone giant zombie with a +0 dagger of draining!
The necromancer casts a spell at you. The bolt of negative energy hits you!!
You feel drained.
You die...

########.##.# #.#
#.##.# #.# #.##.# #.#
#.##.####.####
#.##.#.......# ..
#.##)#.......#
....####.##.#.......###
......................#
....####)##.....@.....#
.. #....##...........#
#.#####....°......#
#.#####...........#
#........p..○.....#
##..####..##R######
#...8†....#.##Z#
#...V.8.......#.#
#......88...8..#.# .


You could see the friendly Necuametl the hexer, a necromancer and a stone giant
zombie (confused, ally target).

Vanquished Creatures
  A fire dragon (D:14)
  A rakshasa (D:13)
  A hydra (D:8)
  3 boulder beetles
  2 centaur warriors
  6 two-headed ogres
  3 tengu warriors (D:14)
  Urug (D:10)
  A skeletal warrior (D:15)
  A shadow wraith (D:14)
  A wizard (D:14)
  5 cyclopes
  2 ugly things (D:14)
  4 manticores
  A stone giant skeleton (D:15)
  2 gargoyles (D:12)
  2 unseen horrors
  5 kobold demonologists
  Maggie (D:7)
  7 trolls
  A wind drake (shapeshifter) (D:14)
  9 slime creatures
  A raiju (shapeshifter) (D:14)
  2 water elementals
  A shadow (D:10)
  A vampire (D:14)
  2 wyverns
  A wraith (D:11)
  2 basilisks
  A hog (D:15)
  3 vampire mosquitoes
  Edmund (D:4)
  3 acid dragons
  3 orc warriors
  A sky beast (D:4)
  2 ice beasts
  3 necrophages
  5 ogres
  4 wolves (D:11)
  A phantom (D:5)
  10 centaurs
  11 kobold brigands
  3 bullfrogs (D:8)
  2 gnoll sergeants
  3 scorpions
  A water moccasin zombie (D:6)
  A wyvern skeleton (D:7)
  11 killer bees
  5 wights
  2 electric eels (D:11)
  5 howler monkeys
  A bullfrog zombie (D:6)
  9 centaur zombies
  2 orc priests
  4 hounds
  3 jellies
  2 gnoll shamans
  Crazy Yiuf (D:5)
  An iron imp (D:9)
  2 iguanas (D:7)
  10 orc wizards
  A killer bee zombie (D:7)
  2 hound zombies (D:5)
  A hound skeleton (D:4)
  16 gnolls
  7 adders
  A shadow imp (D:6)
  2 white imps (D:6)
  2 ufetubi
  A worm (Sewer)
  A dart slug (D:2)
  40 orcs
  4 endoplasms
  5 giant cockroaches
  13 goblins
  4 hobgoblins
  2 quokkas
  12 ball pythons
  5 bats
  4 frilled lizards
  24 kobolds
  8 rats
341 creatures vanquished.

Vanquished Creatures (collateral kills)
  Gastronok (D:11)
  A centaur warrior (D:13)
  A two-headed ogre (D:13)
  A vampire mage (D:15)
  A wolf spider zombie (D:12)
  2 ugly things (D:14)
  2 slime creatures (D:12)
  Maurice (D:9)
  A manticore (D:12)
  A kobold demonologist (D:14)
  An efreet (D:13)
  2 shadows
  Grum (D:11)
  2 vampire mosquitoes (D:11)
  A basilisk (D:14)
  A sky beast (D:7)
  A wolf (D:11)
  3 centaurs
  9 killer bees
  A wight (D:10)
  An electric eel (D:11)
  2 centaur zombies
  A jelly (D:8)
  A howler monkey zombie (D:10)
  4 gnolls
  7 orcs
  3 kobolds
  A rat (D:5)
54 creatures vanquished.

Vanquished Creatures (others)
  An unseen horror (shapeshifter) (D:13)
  11 hexers
  3 ancestors
  A gnoll (D:5)
  3 withered plants (D:12)
19 creatures vanquished.

Grand Total: 414 creatures vanquished

Notes
Turn   | Place    | Note
-------+----------+-------------------------------------------
     0 | D:1      | Sharkman1231 the Demonspawn Artificer began the quest for
                  | the Orb.
     0 | D:1      | Reached XP level 1. HP: 15/15 MP: 1/1
   166 | D:1      | Reached skill level 1 in Dodging
   874 | D:1      | Gained mutation: Your demonic aura sometimes causes spilled
                  | blood to erupt in flames. [demonic ancestry]
   874 | D:1      | Reached XP level 2. HP: 14/21 MP: 2/2
  1688 | D:2      | Found a faded altar of an unknown god.
  1689 | D:2      | Noticed an eye of devastation
  1689 | D:2      | Noticed a floating eye
  1807 | D:2      | Noticed a golden eye
  1809 | D:2      | Noticed an eye of devastation
  1854 | D:2      | Gained mutation: You are partially covered in molten
                  | scales. (AC +2) [demonic ancestry]
  1854 | D:2      | Reached XP level 3. HP: 24/27 MP: 3/3
  3115 | D:3      | Gained mutation: Spells you cast may paralyse adjacent
                  | enemies. [demonic ancestry]
  3115 | D:3      | Reached XP level 4. HP: 28/33 MP: 4/4
  3367 | D:3      | Noticed a scorpion
  3390 | D:3      | Killed a scorpion
  3771 | D:4      | Noticed Edmund
  3797 | D:4      | Killed Edmund
  3798 | D:4      | Reached XP level 5. HP: 41/41 MP: 5/5
  3897 | D:4      | Reached XP level 6. HP: 43/47 MP: 6/6
  4128 | D:4      | Noticed a sky beast
  4271 | D:4      | Killed a sky beast
  4272 | D:4      | Reached skill level 1 in Maces & Flails
  4586 | D:5      | Entered Level 5 of the Dungeon
  4608 | D:5      | Reached skill level 5 in Evocations
  4608 | D:5      | Reached XP level 7. HP: 54/54 MP: 7/7
  4636 | D:5      | Found a glowing drain.
  4671 | Sewer    | Entered a sewer
  4883 | Sewer    | Learned a level 2 spell: Wereblood
  5368 | Sewer    | Reached skill level 1 in Short Blades
  5473 | D:5      | Reached skill level 1 in Transmutations
  5639 | D:5      | Gained mutation: Your demonic aura often causes spilled
                  | blood to erupt in flames. [demonic ancestry]
  5639 | D:5      | Reached XP level 8. HP: 57/61 MP: 8/8
  5763 | D:5      | Found a runed translucent door.
  5764 | D:5      | Noticed Crazy Yiuf
  5814 | D:5      | Found a stormy altar of Qazlal.
  6201 | D:5      | Killed Crazy Yiuf
  6349 | D:6      | Found a staircase to the Ecumenical Temple.
  6381 | Temple   | Entered the Ecumenical Temple
  6596 | Temple   | Became a worshipper of Hepliaklqana the Forgotten
  6681 | D:6      | Found a blossoming altar of Fedhas.
  6789 | D:6      | Reached skill level 5 in Fighting
  7191 | D:6      | HP: 2/62 [something (4)]
  7204 | D:6      | HP: 3/93 [bullfrog zombie (2)]
  7624 | D:7      | Noticed Maggie
  7682 | D:7      | Killed Maggie
  7683 | D:7      | Reached skill level 5 in Dodging
  7683 | D:7      | Reached XP level 9. HP: 68/68 MP: 9/9
  8147 | D:7      | Gained mutation: You are resistant to electric shocks.
                  | (rElec) [potion of mutation]
  8147 | D:7      | Gained mutation: You are strong-willed. (Will+) [potion of
                  | mutation]
  8147 | D:7      | Gained mutation: You are weak. (Str -2) [potion of
                  | mutation]
  8147 | D:7      | Gained mutation: You are covered in fur. (AC +1) [potion of
                  | mutation]
  8151 | D:7      | Found Zin's Purification Station.
  8154 | D:7      | Noticed a troll
  8163 | D:7      | Killed a troll
  8164 | D:7      | Reached skill level 5 in Short Blades
  8645 | D:7      | Reached * piety under Hepliaklqana
  9141 | D:8      | Reached skill level 1 in Stealth
  9347 | D:8      | Noticed a boulder beetle
  9372 | D:8      | Killed a boulder beetle
  9546 | D:8      | Gained mutation: Your demonic aura causes all spilled blood
                  | to erupt in flames. [demonic ancestry]
  9546 | D:8      | Reached XP level 10. HP: 63/69 MP: 10/10
 10097 | D:8      | Noticed a cyclops
 10104 | D:8      | Killed a cyclops
 10286 | D:8      | Noticed a four-headed hydra
 10295 | D:8      | Killed a four-headed hydra
 10637 | D:9      | Found a snail-covered altar of Cheibriados.
 10775 | D:9      | Found an ornate altar of the Wu Jian Council.
 10796 | D:9      | Reached ** piety under Hepliaklqana
 10819 | D:9      | Remembered your ancestor Necuametl as a hexer
 10927 | D:9      | Reached skill level 5 in Transmutations
 11361 | D:9      | You fall into a shaft and drop 1 floor!
 11361 | D:10     | Entered Level 10 of the Dungeon
 11394 | D:10     | Noticed Urug
 11402 | D:10     | Killed Urug
 11648 | D:10     | Gained mutation: You have sharp toenails. [demonic
                  | ancestry]
 11648 | D:10     | Reached XP level 11. HP: 36/75 MP: 11/11
 12452 | D:10     | Reached *** piety under Hepliaklqana
 12471 | D:10     | Noticed a two-headed ogre
 13248 | D:10     | Killed a two-headed ogre
 14652 | D:9      | Found a staircase to the Orcish Mines.
 14847 | D:9      | Noticed Maurice
 14853 | D:9      | Killed Maurice
 14924 | D:11     | Noticed Gastronok
 15201 | D:11     | Noticed Grum
 15205 | D:11     | Reached skill level 5 in Stealth
 15238 | D:11     | Killed Grum
 15704 | D:11     | Reached skill level 5 in Maces & Flails
 15709 | D:11     | Found a staircase to the Lair.
 16066 | D:11     | Reached **** piety under Hepliaklqana
 16663 | D:11     | Killed Gastronok
 16664 | D:11     | Gained mutation: You have razor-sharp toenails. [demonic
                  | ancestry]
 16664 | D:11     | Reached XP level 12. HP: 40/84 MP: 12/12
 17163 | D:12     | Noticed a two-headed ogre
 17168 | D:12     | Killed a two-headed ogre
 18002 | D:12     | Noticed a boulder beetle
 18023 | D:12     | Killed a boulder beetle
 18279 | D:12     | Reached skill level 1 in Spellcasting
 18487 | D:13     | Noticed a boulder beetle
 18507 | D:13     | Killed a boulder beetle
 18612 | D:13     | Noticed a centaur warrior
 18615 | D:13     | Killed a centaur warrior
 18934 | D:13     | Noticed a two-headed ogre
 18945 | D:13     | Killed a two-headed ogre
 19109 | D:13     | Noticed a centaur warrior
 19115 | D:13     | Killed a centaur warrior
 19115 | D:13     | Noticed a two-headed ogre
 19343 | D:13     | Killed a two-headed ogre
 19344 | D:13     | Gained mutation: You have claws for feet. [demonic
                  | ancestry]
 19344 | D:13     | Reached XP level 13. HP: 49/90 MP: 16/16
 20983 | D:14     | Found Feehuwn's Weapon Shoppe.
 21003 | D:14     | Noticed a fire dragon
 21015 | D:14     | Killed a fire dragon
 21368 | D:14     | Reached ***** piety under Hepliaklqana
 21663 | D:14     | Reached skill level 10 in Fighting
 21951 | D:14     | Found a gate to the Vaults.
 22083 | D:14     | Found a runed translucent gate.
 22083 | D:14     | Found a runed translucent gate.
 22083 | D:14     | Found a runed translucent gate.
 22083 | D:14     | Noticed a purple very ugly thing
 22084 | D:14     | Noticed a cyan very ugly thing
 22114 | D:14     | Reached skill level 5 in Armour
 22424 | D:15     | Entered Level 15 of the Dungeon
 22655 | D:15     | Found a staircase to the Depths.
 22655 | D:15     | Noticed Kirke
 22658 | D:15     | Reached skill level 10 in Maces & Flails
 22925 | D:15     | Killed from afar by a necromancer

Illustrated notes

Levels and vault maps discovered:
D:1:      zelgadis_glass_arrival_large, layout_basic,
          kennysheep_decorative_pillar, minmay_misc_feat_cross
D:2:      minmay_spotlight, layout_basic,
          hellmonk_ecumenical_altar_watching_god, corexii_shack,
          serial_bayou_pond_c
D:3:      layout_basic, serial_glass, glass_columns_a, glass_columns_b,
          glass_columns_a, glass_columns_c, glass_columns_a, glass_columns_c,
          glass_columns_a, glass_columns_b, glass_columns_a, glass_columns_a
D:4:      layout_rooms, minmay_ogre_servants, uniq_edmund
D:5:      layout_rooms, mainiacjoe_overflow_paths, cheibrodos_sewer_entry_drain,
          minivault_19, kennysheep_crisscross, kennysheep_cross_room,
          uniq_crazy_yiuf_cottage
D:6:      layout_rooms, chequers_temple_overflow_statue_of_worship,
          minmay_temple_entry_mist, minmay_fractal_squares_diagonal_5
D:7:      layout_cave_pods, zin_purify, uniq_maggie
D:8:      nzn_winding_woodlands_three_and_one [nzn_winding_woodlands_5x15_twine,
          nzn_winding_woodlands_5x15_parted, nzn_winding_woodlands_5x15_cabin,
          nzn_winding_woodlands_center_diamonds], layout_loops_cross
D:9:      layout_stronghold, mainiacjoe_overflow_concentric_impassable,
          slow_altar_1, hiddenorc1_lemuel, kennysheep_generic_room_15,
          uniq_maurice
D:10:     layout_long_grid, uniq_urug
D:11:     layout_long_grid, erik_lair_island, uniq_gastronok, uniq_grum
D:12:     layout_loops_cross, serial_undead, serial_undead_e, serial_undead_e,
          serial_undead_f, serial_undead_d
D:13:     layout_loops_cross, minmay_starry_boxes
D:14:     layout_basic, david_vaults_4,
          ploomutoo_gammafunk_ghost_potion_laboratory, serial_shops, shop,
          chequers_serial_rivers_small_a
D:15:     gammafunk_depths_entry_grave, layout_basic, serial_corexii_hall,
          chequers_hall_statues_y, chequers_hall_statues_corner_a, uniq_kirke
Temple:   nicolae_temple_elliptical

Skill      XL: |  1  2  3  4  5  6  7  8  9 10 11 12 13 |
---------------+----------------------------------------+-----
Dodging        | 1 2 3 4 5 6 7 8 9 |  9.0
Fighting       | 2 3 4 5 6 7 8 9 10 | 10.0
Evocations     | 4 5 6 |  6.7
Maces & Flails | 2 6 8 10 | 10.1
Short Blades   | 2 4 6 7 |  7.9
Transmutations | 1 3 4 5 6 7 |  7.1
Stealth        | 2 4 5 7 8 |  8.0
Armour         | 3 5 |  5.3
Spellcasting   | 2 4 |  4.9

Action                   |  1- 3 |  4- 6 |  7- 9 | 10-12 | 13-15 || total
-------------------------+-------+-------+-------+-------+-------++-------
Melee: Club              |   149 |       |       |       |       ||   149
       Flail             |       |    39 |       |       |       ||    39
       Dire flail        |       |    61 |   157 |   102 |       ||   320
       Dagger            |       |       |   264 |    42 |       ||   306
       Eveningstar       |       |       |       |   319 |   182 ||   501
       Kick              |       |       |       |       |    66 ||    66
 Cast: Wereblood         |       |       |       |    14 |       ||    14
Invok: Recall Ancestor   |       |       |       |     2 |     1 ||     3
       Ancestor Life: He |       |       |       |     1 |       ||     1
Evoke: Piece from Xom's  |     6 |    14 |     6 |     2 |       ||    28
       Wand              |     7 |       |     5 |     9 |     1 ||    22
  Use: Potion            |     1 |       |    10 |     3 |       ||    14
       Scroll            |       |       |     9 |    14 |     2 ||    25
 Stab: Petrified         |     2 |    28 |     8 |     3 |       ||    41
       Paralysed         |     1 |     2 |       |     6 |       ||     9
       Sleeping          |     2 |     1 |     2 |     3 |     6 ||    14
       Petrifying        |     1 |       |       |       |       ||     1
       Confused          |       |       |       |    15 |     2 ||    17
       Distracted        |       |       |       |     5 |     1 ||     6
Armor: Leather armour    |    67 |    33 |    88 |       |       ||   188
       Skin              |       |       |    15 |       |       ||    15
       Acid dragon scale |       |       |    98 |   331 |    90 ||   519
Dodge: Dodged            |   116 |    59 |   310 |   556 |   144 ||  1185
Block: Other             |       |       |       |       |    23 ||    23
